 Dungeon Crawl Stone Soup version 0.28-a0-628-g3c9886e45e (webtiles) character file.

Game seed: 16042277779764374697

333 bjtr the Conjurer (level 6, -4/45 HPs)
             Began as a Demigod Conjurer on Oct 9, 2021.
             Slain by Crazy Yiuf (9 damage)
             ... on level 3 of the Dungeon.
             The game lasted 00:13:37 (3711 turns).

bjtr the Conjurer (Demigod Conjurer)                Turns: 3711, Time: 00:13:37

Health: -4/45      AC:  5    Str:  8    XL:     6   Next: 5%
Magic:  8/15       EV: 11    Int: 28    God:
Gold:   82         SH:  0    Dex: 12    Spells: 5/13 levels left

rFire   . . .      SeeInvis +   m - +0 scythe
rCold   . . .      Faith    .   (shield currently unavailable)
rNeg    . . .      Spirit   .   f - +0 leather armour
rPois   .          Reflect  .   h - +0 helmet
rElec   .          Harm     .   (no cloak)
rCorr   .          Rampage  .   (no gloves)
Will    .....                   e - +0 pair of boots
Stlth   ++........              (no amulet)
HPRegen 0.15/turn               n - ring of see invisible
MPRegen 0.14/turn               (no ring)

@: no status effects
A: high mp 1, forlorn
a: no special abilities


You were on level 3 of the Dungeon.
You visited 1 branch of the dungeon, and saw 3 of its levels.

You collected 82 gold pieces.

Inventory:

Hand Weapons
 d - a +0 whip
 i - a +0 short sword
 k - a +0 hunting sling
 m - a +0 scythe (weapon)
 q - a +0 quarterstaff
Missiles
 c - 107 stones
 p - 15 sling bullets
 r - 3 boomerangs
Armour
 a - a +0 robe
 e - a +0 pair of boots (worn)
 f - a +0 leather armour (worn)
 h - a +0 helmet (worn)
Jewellery
 n - a ring of see invisible (left hand)
Scrolls
 j - a scroll of teleportation
Potions
 b - 2 potions of lignification {unknown}
 g - 2 potions of curing {unknown}
 l - a potion of berserk rage {unknown}
 o - 2 potions of degeneration {unknown}
 s - a potion of invisibility {unknown}


   Skills:
 + Level 1.1 Armour
 + Level 2.0 Dodging
 - Level 1.7 Stealth
 * Level 4.0 Spellcasting
 * Level 5.3 Conjurations


You had 5 spell levels left.
You knew the following spells:

 Your Spells              Type           Power      Damage    Failure   Level
a - Magic Dart            Conj           100%       1d8       1%          1
b - Searing Ray           Conj           70%        2d7       1%          2
c - Sublimation of Blood  Necr           2%         N/A       16%         2
d - Dazzling Flash        Conj/Hex       40%        N/A       11%         3

Your spell library contained the following spells:

 Spells                   Type           Power      Damage    Failure   Level
 Inner Flame              Hex/Fire       5%         N/A       30%         3
 Fulminant Prism          Conj/Hex       10%        3d9       34%         4
 Iskenderun's Mystic Bla  Conj/Tloc      20%        2d6       34%         4
 Irradiate                Conj/Tmut      10%        3d17      67%         5
 Cause Fear               Hex            2%         N/A       71%         4
 Petrify                  Tmut/Erth      5%         N/A       71%         4
 Discord                  Hex            2%         N/A       100%        8


Dungeon Overview and Level Annotations

Branches:
Dungeon (3/15)

Annotations:
D:3 Crazy Yiuf


Innate Abilities, Weirdness & Mutations

Your attributes grow dramatically as you level up.
You have an increased reservoir of magic. (+10% MP)
You shall have no god before yourself.


Message History

You open the door.
Casting: Searing Ray (safe; 1% risk of failure)
Confirm with . or Enter, or press ? or * to list all spells.
Casting: Dazzling Flash (dangerous; 11% risk of failure)
Press: ? - help, Dir - look around, f - activate Look: Crazy Yiuf, wielding a +2 quarterstaff of chaos and wearing a +2 cloak of willpower (chance to dazzle: 63%) Crazy Yiuf is dazzled.
Crazy Yiuf hits you with a +2 quarterstaff of chaos!
Crazy Yiuf burns you.
You hit Crazy Yiuf.
Crazy Yiuf is moderately wounded.
You barely miss Crazy Yiuf.
Crazy Yiuf is moderately wounded.
Crazy Yiuf misses you.
Crazy Yiuf hits you with a +2 quarterstaff of chaos.
You slash Crazy Yiuf!
Crazy Yiuf is severely wounded.
Crazy Yiuf hits you with a +2 quarterstaff of chaos!
Crazy Yiuf says, "Lay wrapper stair!"
Crazy Yiuf hits you with a +2 quarterstaff of chaos.
You are electrocuted!
* * * LOW HITPOINT WARNING * * *
Crazy Yiuf is no longer blind.
Crazy Yiuf laughs, "Nubble!
Sif Muna light blue."
Crazy Yiuf says, "Blight!"
Crazy Yiuf yells, "Proton seventy snockshim!"
Casting: Dazzling Flash (dangerous; 11% risk of failure)
Confirm with . or Enter, or press ? or * to list all spells.
Casting: Dazzling Flash (dangerous; 11% risk of failure)
Press: ? - help, Dir - look around, f - activate Look: Crazy Yiuf, wielding a +2 quarterstaff of chaos and wearing a +2 cloak of willpower (severely wounded, chance to dazzle: 63%) Crazy Yiuf says, "I'm not crazy!"
Crazy Yiuf hits you but does no damage.
Casting: Dazzling Flash (dangerous; 11% risk of failure)
Confirm with . or Enter, or press ? or * to list all spells.
Casting: Dazzling Flash (dangerous; 11% risk of failure)
Press: ? - help, Dir - look around, f - activate Crazy Yiuf is dazzled.
Crazy Yiuf hits you with a +2 quarterstaff of chaos!
You die...

#####..## ##.# #..#########.
#...# #.## #..### ## #...# ##.#
#....######## ##...# #.##
#............ #....# ##.##
#....#......# #....# #...##
#....#....... #....# #....#
#....#......# #....# #...g#
#....#......#
######...###...@####....#.......
#...........#...........#......#
#...........##..........#......#
#...........##..........#......#
##########.###..........#.......
#######.# #..........#.......
#.......# #..........###.....
#.##########....###### ###...
#.# #.....##..## #...


You could see Crazy Yiuf (blind).

Vanquished Creatures
  Sigmund (D:2)
  Purgy (D:3)
  4 adders
  A dart slug (D:2)
  2 orcs (D:3)
  5 endoplasms
  6 giant cockroaches
  2 goblins
  5 hobgoblins
  3 jackals (D:1)
  4 quokkas
  3 ball pythons
  9 bats
  A frilled lizard (D:2)
  5 kobolds
  7 rats
59 creatures vanquished.

Notes
Turn   | Place    | Note
-------+----------+-------------------------------------------
     0 | D:1      | bjtr the Demigod Conjurer began the quest for the Orb.
     0 | D:1      | Reached XP level 1. HP: 14/14 MP: 5/5
   285 | D:1      | Reached skill level 4 in Conjurations
   462 | D:1      | Reached XP level 2. HP: 20/20 MP: 1/7
   465 | D:1      | Learned a level 2 spell: Searing Ray
  1511 | D:2      | Reached XP level 3. HP: 26/26 MP: 4/8
  2104 | D:2      | Noticed Sigmund
  2109 | D:2      | Killed Sigmund
  2110 | D:2      | Reached skill level 5 in Conjurations
  2110 | D:2      | Reached XP level 4. HP: 33/33 MP: 2/11
  2110 | D:2      | Reached XP level 5. HP: 38/38 MP: 2/13
  2608 | D:3      | Noticed Purgy
  2614 | D:3      | Killed Purgy
  2615 | D:3      | Reached skill level 1 in Armour
  3207 | D:3      | Reached XP level 6. HP: 45/45 MP: 11/15
  3354 | D:3      | Learned a level 2 spell: Sublimation of Blood
  3689 | D:3      | Found a runed translucent door.
  3690 | D:3      | Noticed Crazy Yiuf
  3695 | D:3      | Learned a level 3 spell: Dazzling Flash
  3711 | D:3      | Slain by Crazy Yiuf

Illustrated notes

Levels and vault maps discovered:
D:1:      dpeg_arrival_long_road, layout_basic,
          hellmonk_ecumenical_altar_arch_garden
D:2:      layout_basic, minmay_tetromino_t2, uniq_sigmund
D:3:      layout_basic, gammafunk_temple_overflow_pools, kennysheep_cross_room,
          serial_bayou_pond_e, corner_web_ring, minmay_misc_feat_tower,
          uniq_purgy, uniq_crazy_yiuf_cottage

Skill      XL: |  1  2  3  4  5  6 |
---------------+-------------------+-----
Conjurations   | 4 5 |  5.3
Spellcasting   | 2 3 4 |  4.0
Armour         | 1 |  1.1
Dodging        | 2 |  2.0
Stealth        | |  1.7

Action                   |  1- 3 |  4- 6 || total
-------------------------+-------+-------++-------
Melee: Whip              |     1 |       ||     1
       Scythe            |       |    14 ||    14
 Cast: Magic Dart        |    43 |       ||    43
       Searing Ray       |    22 |    19 ||    41
       Dazzling Flash    |       |     3 ||     3
  Use: Scroll            |     3 |     1 ||     4
Armor: Robe              |     3 |       ||     3
       Leather armour    |     3 |     9 ||    12
Dodge: Dodged            |    16 |    21 ||    37

Table legend: (Time is in decaauts)
 A = Elapsed time spent in this place.
 B = Non-inter-level travel time spent in this place.
 C = Inter-level travel time spent in this place.
 D = Time resting spent in this place.
 E = Time spent auto-exploring this place.
 F = Levels seen in this place.
 G = Mean time per level.
                   A        B        C        D        E       F      G
               +--------+--------+--------+--------+--------+-----+--------+
         Total |   3723 |   3704 |     19 |    404 |   2750 |   3 | 1241.0 |
       Dungeon |   3723 |   3704 |     19 |    404 |   2750 |   3 | 1241.0 |
               +--------+--------+--------+--------+--------+-----+--------+

Top non-repeatable levels by time:
     D:1: 1337 daAuts
     D:3: 1193 daAuts
     D:2: 1192 daAuts
